 Dungeon Crawl Stone Soup version 0.31-a0-344-gd109795 (webtiles) character file.

Game seed: 6863559024192845179

4 Cunctator the Cutter (level 1, 0/23 HPs)
             Began as a Gnoll Cinder Acolyte on July 22, 2023.
             Was a High Priest of Ignis.
             Slain by a jackal (1 damage)
             ... on level 1 of the Dungeon.
             The game lasted 00:00:32 (61 turns).

Cunctator the Cutter (Gnoll Cinder Acolyte)           Turns: 61, Time: 00:00:32

Health: 0/23       AC:  2    Str: 13    XL:     1   Next: 70%
Magic:  4/4        EV: 11    Int: 13    God:    Ignis [*****.]
Gold:   4          SH:  0    Dex:  7    Spells: 5/5 levels left

rFire   + . .        a - -1 short sword (flame)
rCold   . . .        (no shield)
rNeg    . . .        b - +0 robe
rPois   .            (no helmet)
rElec   .            (no cloak)
rCorr   .            (no gloves)
SInv    .            (no boots)
Will    .....        (no amulet)
Stlth   +            (no ring)
HPRegen 0.23/turn    (no ring)
MPRegen 0.09/turn

%: no passive effects
@: no status effects
A: fangs 1, strong nose, distributed training
a: Renounce Religion, Fiery Armour, Foxfire Swarm, Rising Flame


You were on level 1 of the Dungeon.
You worshipped Ignis.
Ignis was extremely pleased with you.
You visited 1 branch of the dungeon, and saw 1 of its levels.

You collected 4 gold pieces.

Inventory:

Hand Weapons
 a - a -1 short sword of flaming (weapon)
Armour
 b - a +0 robe (worn)


   Skills:
 + Level 6.4 Fighting
 + Level 6.4 Short Blades
 + Level 0.1 Long Blades
 + Level 0.1 Axes
 + Level 0.1 Maces & Flails
 + Level 0.1 Polearms
 + Level 0.1 Staves
 + Level 0.1 Ranged Weapons
 + Level 0.1 Throwing
 + Level 0.1 Armour
 + Level 0.1 Dodging
 + Level 0.1 Stealth
 + Level 0.1 Shields
 + Level 0.1 Unarmed Combat
 + Level 2.6 Spellcasting
 + Level 0.1 Conjurations
 + Level 0.1 Hexes
 + Level 0.1 Summonings
 + Level 0.1 Necromancy
 + Level 0.1 Translocations
 + Level 0.1 Transmutations
 + Level 5.3 Fire Magic
 + Level 0.1 Ice Magic
 + Level 0.1 Air Magic
 + Level 0.1 Earth Magic
 + Level 0.1 Poison Magic
 + Level 0.2 Invocations
 + Level 0.1 Evocations
 + Level 0.1 Shapeshifting


You had 5 spell levels left.
You didn't know any spells.
Your spell library contained the following spells:

 Spells                   Type           Power      Damage    Failure   Level
 Scorch                   Fire           30%        2d6       4%          2


Dungeon Overview and Level Annotations

Branches:
Dungeon (1/15)

Altars:


Innate Abilities, Weirdness & Mutations

You have very sharp teeth.
Your uncanny sense of smell can sniff out nearby items.
Your experience applies equally to all skills.


Message History

You barely miss the jackal.
The jackal bites you but does no damage.
The jackal attacks as you move away! The jackal completely misses you.
You closely miss the jackal. You bite the jackal.
The jackal is lightly wounded.
The jackal bites you but does no damage.
You closely miss the jackal.
The jackal is lightly wounded.
The jackal bites you.
* * * LOW HITPOINT WARNING * * *
You hit the jackal. You burn the jackal.
The jackal is almost dead.
The jackal bites you.
* * * LOW HITPOINT WARNING * * *
You hit the jackal but do no damage.
The jackal is almost dead.
The jackal bites you but does no damage.
You barely miss the jackal.
The jackal is almost dead.
The jackal closely misses you.
You closely miss the jackal.
The jackal is almost dead.
The jackal bites you.
* * * LOW HITPOINT WARNING * * *
You hit the jackal. You burn the jackal.
You kill the jackal!
You closely miss the jackal. The jackal misses you.
You aren't carrying any potions.
Okay, then.
You barely miss the jackal. Your bite misses the jackal.
The jackal closely misses you.
You closely miss the jackal.
The jackal bites you but does no damage.
You closely miss the jackal. You bite the jackal, but do no damage.
The jackal barely misses you.
You hit the jackal but do no damage. The jackal barely misses you.
You hit the jackal but do no damage. The jackal bites you.
* * * LOW HITPOINT WARNING * * *
You hit the jackal but do no damage. The jackal bites you.
You die...

.# #.....# .. ∆
##.8.8.# ..
##...8..# #.
##...8.8.#
#g##........#
#.#.⌠.⌠.###.#
#.#.....#.'.#
#††..8..#<#.#
#.#†....#.+@#
...#.⌠.⌠.###h#
.....##......gh#
#...###
##...8.8.# #...
##...8..# ###
##.8.8.# #.....#
#######


You could see 2 jackals and a goblin.

Vanquished Creatures
  3 jackals (D:1)
  A bat (D:1)
4 creatures vanquished.

Notes
Turn   | Place    | Note
-------+----------+-------------------------------------------
     0 | D:1      | Cunctator the Gnoll Cinder Acolyte began the quest for the
                  | Orb.
     0 | D:1      | Reached XP level 1. HP: 23/23 MP: 4/4
    60 | D:1      | HP: 1/23 [jackal (2)]
    61 | D:1      | Slain by a jackal

Illustrated notes

Levels and vault maps discovered:
D:1:      ncdulo_halloftheorcs, layout_rooms, chequers_serial_rivers_marsh,
          hex_medium, minmay_misc_feat_nine_boxes

Action                     || total
---------------------------++-------
  Melee: Short sword       ||    32
         Bite              ||     3
 Armour: Robe              ||    11
  Dodge: Dodged            ||    29

Table legend: (Time is in decaauts)
 A = Elapsed time spent in this place.
 B = Non-inter-level travel time spent in this place.
 C = Inter-level travel time spent in this place.
 D = Time resting spent in this place.
 E = Time spent auto-exploring this place.
 F = Levels seen in this place.
 G = Mean time per level.
                   A        B        C        D        E       F      G
               +--------+--------+--------+--------+--------+-----+--------+
         Total |     51 |     51 |      0 |      0 |     18 |   1 |   51.0 |
       Dungeon |     51 |     51 |      0 |      0 |     18 |   1 |   51.0 |
               +--------+--------+--------+--------+--------+-----+--------+

Top non-repeatable levels by time:
     D:1: 51 daAuts
